 Dungeon Crawl Stone Soup version 0.27.0-1-g7a089689b8 (webtiles) character file.

Game seed: 6945053643240144135

9 gimp the Sneak (level 2, 0/24 HPs)
             Began as a Human Delver on Aug 10, 2021.
             Slain by a hound (5 damage)
             ... on level 6 of the Dungeon.
             The game lasted 00:00:44 (231 turns).

gimp the Sneak (Human Delver)                        Turns: 231, Time: 00:00:45

Health: 0/24       AC:  3    Str: 12    XL:     2   Next: 20%
Magic:  2/2        EV: 12    Int: 10    God:
Gold:   61         SH:  0    Dex: 14    Spells: 1/1 levels left

rFire    . . .     SeeInvis .   a - +0 spear
rCold    . . .     Faith    .   (no shield)
rNeg     . . .     Spirit   .   b - +0 leather armour
rPois    .         Reflect  .   (no helmet)
rElec    .         Harm     .   (no cloak)
rCorr    .         Rampage  .   (no gloves)
Will     .....                  (no boots)
Stlth    +++.......             (no amulet)
HPRegen  0.08/turn              (no ring)
MPRegen  0.08/turn              (no ring)

@: no status effects
A: no striking features
a: no special abilities


You were on level 6 of the Dungeon.
You visited 1 branch of the dungeon, and saw 2 of its levels.

You collected 61 gold pieces.

Inventory:

Hand Weapons
 a - a +0 spear (weapon)
Armour
 b - a +0 leather armour (worn)
Wands
 g - a wand of digging (3)
Scrolls
 c - a scroll of fog
 d - a scroll of magic mapping
 e - a scroll of fear
Potions
 f - a potion of haste


   Skills:
 * Level 3.4 Fighting
 - Level 2.0 Polearms
 + Level 0.8 Armour
 - Level 2.0 Dodging
 - Level 5.0 Stealth


You had one spell level left.
You didn't know any spells.
Your spell library was empty.

Dungeon Overview and Level Annotations

Branches:
Dungeon (6/15)             Temple (0/1) D:6

Altars:

Shops:
D:6 *

Portals:
Ossuary: D:6

Annotations:
D:6 exclusion: 2 doors


Message History

Okay, then.
The hound barks!
You closely miss the hound. The hound bites you. x2
You take 7 damage, and have 17/24 hp.
MASSIVE DAMAGE!!
You barely miss the hound. The hound bites you.
You take 1 damage, and have 16/24 hp.
You hit the hound.
The hound is lightly wounded.
The hound bites you. The hound closely misses you.
You take 4 damage, and have 12/24 hp.
You are too injured to fight recklessly!
You are too injured to fight recklessly!
You are too injured to fight recklessly!
You are too injured to fight recklessly!
You are too injured to fight recklessly!
You closely miss the hound.
The hound is lightly wounded.
The hound bites you.
You take 1 damage, and have 11/24 hp.
You barely miss the hound.
The hound is lightly wounded.
The hound completely misses you. The hound bites you.
You take 3 damage, and have 8/24 hp.
You hit the hound.
The hound is lightly wounded.
The hound bites you.
* * * LOW HITPOINT WARNING * * *
You take 1 damage, and have 7/24 hp.
You barely miss the hound.
The hound is lightly wounded.
The hound barely misses you. x2
You closely miss the hound.
The hound is lightly wounded.
The hound bites you.
* * * LOW HITPOINT WARNING * * *
You take 2 damage, and have 5/24 hp.
You closely miss the hound.
The hound is lightly wounded.
The hound bites you but does no damage. The hound bites you.
You die...

*,*,,#,,*#.* #.# *.
*,*,##.###.#####.####
*.
*,,,................#
#.
*,*,................#
#.
*,*,................#
*,
*,,**######∩#########
*, *,** #.# *, *,**
###.### **** *, *,,*
*#..@h.#* *,,* *,
**,* #8..∩..8# **,**
*, *,* ##.....##
*,,,****,
****,*****#######
****,,,,,,,*
*,,,,,,<,>,,,,*
*,,,,,,****,
*,**,,*******,*
*****,** *, *,**,,*
*,* *>* *, *,**,,****
*,* *,* ** *,**,,,,,*
*,**** *,* *


You could see a hound.

Vanquished Creatures
  An adder (D:5)
1 creature vanquished.

Notes
Turn   | Place    | Note
-------+----------+-------------------------------------------
     0 | D:5      | gimp the Human Delver began the quest for the Orb.
     0 | D:5      | Reached XP level 1. HP: 18/18 MP: 1/1
    33 | D:5      | Reached XP level 2. HP: 19/24 MP: 2/2
   100 | D:5      | Noticed a sky beast
   148 | D:6      | Found Erommoul's Serpentskin Sales.
   148 | D:6      | Noticed a water moccasin
   148 | D:6      | Noticed a water moccasin
   218 | D:6      | Found a sand-covered staircase.
   231 | D:6      | Slain by a hound

Illustrated notes

Levels and vault maps discovered:
D:5:      layout_loops_ring, cheibriados_altar_1, serial_shops, shop,
          hellmonk_ghost_happy_afterlife
D:6:      minmay_recursive_quarters, layout_loops_ring, temple_hall,
          chequers_ossuary_entry_cave, guppyfry_shop_venom, uniq_blork_the_orc

Action                   || total
-------------------------++-------
Melee: Spear             ||    14
  Use: Scroll            ||     1
 Stab: Sleeping          ||     1
Armor: Leather armour    ||     3
Dodge: Dodged            ||     6
